[Event "Team 45 45 League T35"]
[Site "Internet Chess Club"]
[Date "2007.11.04"]
[Round "3"]
[White "Orforded"]
[Black "kinchknifeblade"]
[Result "1-0"]
[WhiteElo "1250"]
[BlackElo "1398"]
[Opening "Sicilian: Scheveningen (Paulsen), classical variation"]
[ECO "B84"]
[Time "20:08:00"]
[TimeControl "2700+45"]

1. e4 c5 2. Nf3 d6 3. d4 cxd4 4. Nxd4 Nf6 5. Nc3 a6 6. Be2 e6 7. Nf3 Be7 8. O-O
b5 9. e5 dxe5 10. Qxd8+ Bxd8 11. Nxe5 Bb7 12. Be3 O-O 13. b3 Bc7 14. f4 Nbd7 15.
Nxd7 Nxd7 16. Bf3 Bxf3 17. Rxf3 Rfd8 18. Bd4 Rac8 19. Rg3 g6 20. Ne2 Nb6 21. Bf6
Rd2 22. Kf1 Nd5 23. Bg5 Rxc2 24. Rd3 Bb6 25. f5 Nb4 26. Rd6 Nd5 27. fxe6 Ne3+
28. Bxe3 Bxe3 29. e7 Bc5 30. Rd8+ Rxd8 31. exd8=Q+ Bf8 32. Nd4 Rd2 33. Re1 Kg7
34. Ne6+ fxe6 35. Qxd2 {Black resigns} 1-0

[Event "Team 45 45 League T35"]
[Site "Internet Chess Club"]
[Date "2007.11.04"]
[Round "3"]
[White "gaboonzoom"]
[Black "conron"]
[Result "0-1"]
[WhiteElo "1172"]
[BlackElo "1185"]
[Opening "Ruy Lopez: closed"]
[ECO "C90"]
[Time "12:00:32"]
[TimeControl "2700+45"]

1. e4 e5 2. Nf3 Nc6 3. Bb5 a6 4. Ba4 Nf6 5. O-O Be7 6. Re1 b5 7. Bb3 d6 8. c3
Bg4 9. d3 O-O 10. Be3 Na5 11. Nbd2 Nxb3 12. Nxb3 Qd7 13. d4 Rad8 14. Qd3 Bxf3
15. gxf3 Qh3 16. Nd2 Nh5 17. Qf1 Qxf1+ 18. Rxf1 exd4 19. cxd4 Bf6 20. Rac1 Rd7
21. Rc6 Ra8 22. Kh1 g6 23. b4 a5 24. a3 axb4 25. axb4 Ra4 26. Rb1 Bg7 27. Rb3 f5
28. Nb1 f4 29. Bd2 Bxd4 30. Kg2 d5 31. Rd3 dxe4 32. fxe4 Ra1 33. Na3 Rxa3 34.
Rxa3 Bb2 35. Ra5 Rxd2 36. Ra8+ Kg7 37. Rxc7+ Kh6 38. h4 Bd4 39. Rd7 Rxf2+ 40.
Kg1 Ra2+ 41. Rxd4 Rxa8 42. e5 Rf8 43. Kf2 Rf5 44. e6 Re5 45. Rd6 Ng7 46. Kf3
Rxe6 47. Rd5 Nf5 48. Kxf4 Rd6 49. Re5 Rd4+ 50. Kf3 Rxb4 51. Re1 Nxh4+ 52. Kf2
Rb2+ 53. Kg3 Ng2 54. Rh1+ Kg7 55. Rh2 b4 56. Rxg2 Rxg2+ 57. Kxg2 b3 58. Kf2 b2
59. Ke3 b1=Q 60. Kf3 Qf5+ 61. Ke3 Kf6 62. Kd4 Ke6 63. Kc4 Qe5 64. Kd3 Kd5 65.
Kc2 Qd4 66. Kb3 Qc4+ 67. Kb2 Kc5 68. Kb1 Qc3 69. Ka2 Qb4 70. Ka1 Kc4 71. Ka2 Kc3
72. Ka1 Qb2# {White checkmated} 0-1

[Event "Team 45 45 League T35"]
[Site "Internet Chess Club"]
[Date "2007.10.31"]
[Round "3"]
[White "littleboo"]
[Black "Cantemir"]
[Result "1-0"]
[WhiteElo "1437"]
[BlackElo "1408"]
[Opening "Sicilian defense"]
[ECO "B41"]
[Time "08:29:44"]
[TimeControl "2700+45"]

1. e4 e6 2. d4 c5 3. Nf3 cxd4 4. Nxd4 e5 5. Nf5 d6 6. Bb5+ Nc6 7. Ne3 a6 8. Bc4
Nf6 9. Nc3 Be6 10. Bxe6 fxe6 11. O-O Be7 12. Qf3 O-O 13. Qh3 Qd7 14. Na4 Bd8 15.
f3 b5 16. Nc3 Bb6 17. a4 b4 18. Ne2 a5 19. Bd2 Rac8 20. Ng3 Nd4 21. Kh1 Nxc2 22.
Nxc2 Rxc2 23. Bc1 Bd4 24. Rb1 b3 25. Rd1 Rfc8 26. Bd2 R8c5 27. Bg5 Qf7 28. Rd3
R5c4 29. Rxb3 h6 30. Be3 Bxe3 31. Rxe3 Rc1+ 32. Re1 Rxb1 33. Rxb1 Rxa4 34. b3
Ra2 35. Kg1 Qa7+ 36. Kh1 Kf7 37. Nf1 Qf2 38. Rc1 Rc2 39. Ra1 Ke7 40. Qg3 Qxg3
41. Nxg3 Rb2 42. Kg1 Rxb3 43. Rxa5 d5 44. Ra7+ Nd7 45. exd5 g5 46. dxe6 Kxe6 47.
Kf2 Rb2+ 48. Ne2 Nf6 49. h3 h5 50. Rc7 e4 51. fxe4 Nxe4+ 52. Ke3 Nf6 53. Nd4+
Kd6 54. Rc6+ Ke7 55. Nf5+ Kf7 56. Rc7+ Ke6 57. Nd4+ Kd6 58. Rc6+ Ke7 59. g3 Nd5+
60. Ke4 Nf6+ 61. Kf5 Rf2+ 62. Kg6 Nd5 63. Kxg5 Rd2 64. Nf5+ Kd7 65. Rd6+ Kc8 66.
Ne7+ Nxe7 67. Rxd2 Kc7 68. Kxh5 Nf5 69. g4 Ng3+ 70. Kh6 Ne4 71. Re2 Ng3 72. Re3
Nf1 73. Rf3 Nd2 74. Rf2 Ne4 75. Rf4 Ng3 76. g5 Ne2 77. g6 Nxf4 78. g7 Nxh3 79.
g8=Q {Black forfeits on time} 1-0

[Event "Team 45 45 League T35"]
[Site "Internet Chess Club"]
[Date "2007.11.06"]
[Round "3"]
[White "Cowboy"]
[Black "Cataclysm"]
[Result "0-1"]
[WhiteElo "1291"]
[BlackElo "1327"]
[Opening "French defense"]
[ECO "C00"]
[Time "17:00:12"]
[TimeControl "2700+45"]

1. e4 e6 2. Nf3 d5 3. exd5 exd5 4. b3 Nf6 5. Bb2 Bg4 6. Be2 Qe7 7. O-O Nbd7 8.
Re1 O-O-O 9. Nd4 Re8 10. Nc3 Ne5 11. f4 Bxe2 12. Rxe2 Nf3+ 13. Nxf3 Qc5+ 14. d4
Qc6 15. Ne5 Qe6 16. Qd3 Bd6 17. Rf1 Ng4 18. f5 Qh6 19. Nxg4 Qh4 20. Rxe8+ Rxe8
21. Qh3 Qxh3 22. gxh3 h5 23. Nf2 Re3 24. Nxd5 Re2 25. Rc1 c6 26. Nc3 Bf4 27.
Nce4 Bxc1 28. Bxc1 Re1+ 29. Kg2 Rxc1 30. c4 Rc2 31. a4 Kc7 32. Kg3 Rb2 33. Kh4
Rxb3 34. Kxh5 Rb4 35. d5 cxd5 36. cxd5 Rxa4 37. Ng5 g6+ 38. fxg6 fxg6+ 39. Kxg6
b5 40. Nge4 b4 41. Nc5 Ra2 42. Ng4 Kd6 43. Nd3 b3 44. h4 Rd2 45. Ngf2 Kxd5 46.
h5 Rxf2 47. Nxf2 b2 48. Ng4 b1=Q+ 49. Kg5 Ke6 50. h3 a5 51. h6 Qf5+ 52. Kh4 a4
53. Ne3 Qe4+ 54. Ng4 a3 55. Kg5 a2 56. Nf2 Qg2+ 57. Ng4 a1=Q 58. h7 Qxg4+ 59.
hxg4 Kf7 60. Kh5 Qg7 61. h8=Q Qxh8+ 62. Kg5 Kg7 63. Kf5 Qh3 64. Kg5 Kf7 65. Kf5
Qf3+ 66. Kg5 Qf6+ 67. Kh5 Kg7 68. g5 Qg6+ 69. Kg4 Qe6+ 70. Kh5 Qh3# {White
checkmated} 0-1

[Event "Team 45 45 League T35"]
[Site "Internet Chess Club"]
[Date "2007.11.05"]
[Round "3"]
[White "JimGaming"]
[Black "Russ"]
[Result "1-0"]
[WhiteElo "1213"]
[BlackElo "1222"]
[Opening "Sicilian: closed"]
[ECO "B23"]
[Time "14:01:40"]
[TimeControl "2700+45"]

1. e4 c5 2. Nc3 d6 3. f4 g6 4. Nf3 Bg7 5. Bb5+ Bd7 6. Bc4 Nc6 7. O-O Nf6 8. d3
O-O 9. Qe1 e6 10. Qh4 h6 11. f5 exf5 12. Bxh6 Nh5 13. Bxg7 Kxg7 14. Qxd8 Raxd8
15. Nd5 Rde8 16. Nc7 Re7 17. Nb5 fxe4 18. dxe4 Rxe4 19. Bd5 Re2 20. Nxd6 Nf6 21.
Bb3 Na5 22. Rae1 Rxe1 23. Rxe1 Nxb3 24. axb3 Bc6 25. Re7 Nd7 26. Ng5 Ne5 27.
Ne6+ {Black resigns} 1-0

[Event "Team 45 45 League T35"]
[Site "Internet Chess Club"]
[Date "2007.11.04"]
[Round "3"]
[White "king4aknight"]
[Black "tmac63"]
[Result "0-1"]
[WhiteElo "1026"]
[BlackElo "1061"]
[Opening "Sicilian: closed"]
[ECO "B23"]
[Time "20:00:09"]
[TimeControl "2700+45"]

1. e4 c5 2. Nc3 d6 3. Nf3 e6 4. Bb5+ Bd7 5. d3 a6 6. Bxd7+ Qxd7 7. O-O Nf6 8. e5
Nh5 9. Ng5 dxe5 10. Qf3 f6 11. Qxh5+ g6 12. Qf3 Be7 13. Nge4 f5 14. Bg5 fxe4 15.
Nxe4 Nc6 16. Nf6+ Bxf6 17. Bxf6 Rf8 18. Rae1 Ne7 19. Rxe5 O-O-O 20. b4 c4 21.
Rc5+ Kb8 22. Qg3+ Ka8 23. Qg5 cxd3 24. Rd1 Qa4 25. h4 dxc2 26. Rxd8+ Rxd8 27.
Qc1 Rd1+ 28. Qxd1 cxd1=Q+ 29. Kh2 Qd6+ {White resigns} 0-1

[Event "Team 45 45 League T35"]
[Site "Internet Chess Club"]
[Date "2007.11.02"]
[Round "3"]
[White "Visin"]
[Black "Lionskins"]
[Result "1/2-1/2"]
[WhiteElo "1365"]
[BlackElo "1584"]
[Opening "Sicilian: Smith-Morra gambit"]
[ECO "B21"]
[Time "03:31:10"]
[TimeControl "2700+45"]

1. e4 c5 2. d4 cxd4 3. c3 dxc3 4. Nxc3 a6 5. Bc4 e6 6. Nf3 Qc7 7. Qe2 h6 8. O-O
Nc6 9. Bb3 g5 10. Rd1 Nf6 11. Nd4 Nxd4 12. Rxd4 Bd6 13. g3 b5 14. Rd1 Bb7 15.
Bc2 Be5 16. Bd2 g4 17. Rac1 Bc6 18. b4 Ke7 19. Bb1 Qb7 20. a3 Rag8 21. Nd5+ Nxd5
22. exd5 Bxd5 23. Qxe5 d6 24. Qe3 h5 25. Re1 h4 26. Bc3 Rh5 27. Be4 hxg3 28.
Bxd5 gxh2+ 29. Kf1 Qxd5 30. Qa7+ Ke8 31. Qb8+ Kd7 32. Qa7+ Ke8 33. Qb8+ Kd7 34.
Qa7+ Ke8 35. Qb8+ Kd7 36. Qa7+ {Game drawn by repetition} 1/2-1/2

[Event "Team 45 45 League T35"]
[Site "Internet Chess Club"]
[Date "2007.11.03"]
[Round "3"]
[White "Riddari"]
[Black "Tomate"]
[Result "1-0"]
[WhiteElo "1331"]
[BlackElo "1341"]
[Opening "Pirc: classical, h3 system"]
[ECO "B08"]
[Time "16:51:41"]
[TimeControl "2700+45"]

1. e4 d6 2. d4 Nf6 3. Nc3 g6 4. Nf3 Bg7 5. h3 O-O 6. Bg5 a6 7. a4 b6 8. Bc4 Bb7
9. d5 Nbd7 10. O-O Nc5 11. Re1 h6 12. Bxf6 Bxf6 13. e5 dxe5 14. Nxe5 Nd7 15. Ng4
Bg7 16. Qd2 Kh7 17. Ne2 Ne5 18. Nxe5 Bxe5 19. c3 Bxd5 20. Qxd5 Bd6 21. Rad1 e6
22. Qd2 Qh4 23. Qd4 Qg5 24. Qg4 Qf6 25. Ng3 Qg7 26. Bd3 f5 27. Qd4 Qg8 28. Ne2
Rad8 29. Qe3 a5 30. Nd4 e5 31. Nb5 Qb3 32. Nxd6 cxd6 33. Qe2 Qxa4 34. Bb5 Qb3
35. Bc4 Qa4 36. Bb5 Qb3 37. Ra1 Qf7 38. Qe3 Qc7 39. Qd3 d5 40. Qe2 Rfe8 41. Rad1
Re7 42. Rd2 e4 43. Red1 Qc5 44. Ba4 Re6 45. Bb3 Red6 46. Rd4 b5 47. Ba2 Kg7 48.
b4 axb4 49. cxb4 Qc3 50. Qxb5 Kf6 51. Bxd5 e3 52. fxe3 Qxe3+ 53. Kh1 Kg5 54. Qd3
Qe5 55. Qd2+ Kh5 56. Bf3# {Black checkmated} 1-0

[Event "Team 45 45 League T35"]
[Site "Internet Chess Club"]
[Date "2007.11.04"]
[Round "3"]
[White "Dalcon"]
[Black "otib2006"]
[Result "1/2-1/2"]
[WhiteElo "1355"]
[BlackElo "1291"]
[Opening "Sicilian: dragon variation"]
[ECO "B70"]
[Time "08:00:13"]
[TimeControl "2700+45"]

1. e4 c5 2. Nf3 d6 3. d4 cxd4 4. Nxd4 Nf6 5. Nc3 g6 6. Be2 Bg7 7. O-O Bd7 8. Be3
Nc6 9. a3 O-O 10. f3 Qc7 11. Nd5 Nxd5 12. exd5 Nxd4 13. Bxd4 Bxd4+ 14. Qxd4 Qxc2
15. Bd3 Qc5 16. Qxc5 dxc5 17. Rfe1 Rfe8 18. Be4 Rac8 19. b3 c4 20. b4 c3 21.
Rac1 Rc4 22. Bc2 Bf5 23. Bxf5 gxf5 24. d6 e6 25. d7 Rd8 26. Red1 Kf8 27. Kf2 Ke7
28. Rd3 Rxd7 29. Rcxc3 Rxc3 30. Rxc3 Rd2+ 31. Kg3 Rd7 32. f4 Kf6 33. Kf3 e5 34.
fxe5+ Kxe5 35. Rc5+ Ke6 36. Kf4 Rd4+ 37. Ke3 Rd5 38. Rxd5 Kxd5 39. Kf4 b5 40.
Kxf5 Kc4 41. g4 Kb3 42. Kf6 Kxa3 43. Kxf7 Kxb4 44. g5 a5 45. Kg7 a4 46. Kxh7 a3
47. g6 a2 48. g7 a1=Q 49. g8=Q Qb1+ 50. Qg6 Qxg6+ 51. Kxg6 Kc5 52. h4 b4 53. h5
b3 54. h6 b2 55. h7 b1=Q+ 56. Kg7 Qg1+ 57. Kh6 Qh2+ 58. Kg7 Qg3+ 59. Kh6 Qh4+
60. Kg7 Qg5+ 61. Kf8 Qf6+ 62. Kg8 Qg6+ 63. Kh8 Qe8+ 64. Kg7 Qe7+ 65. Kg8 Qg5+
66. Kh8 Qf6+ 67. Kg8 Qg6+ 68. Kh8 Qe8+ 69. Kg7 Qe7+ 70. Kg8 Qg5+ 71. Kh8 Kd6
{White stalemated} 1/2-1/2

[Event "Team 45 45 League T35"]
[Site "Internet Chess Club"]
[Date "2007.11.04"]
[Round "3"]
[White "merecat"]
[Black "curtintime"]
[Result "1-0"]
[WhiteElo "1302"]
[BlackElo "1459"]
[Opening "Queen's pawn game, Chigorin variation"]
[ECO "D02"]
[Time "11:00:37"]
[TimeControl "2700+45"]

1. d4 d5 2. Nf3 Nc6 3. e3 a6 4. a3 Nf6 5. Nbd2 h6 6. h3 e6 7. c4 b6 8. Bd3 dxc4
9. Nxc4 b5 10. Nce5 Bb7 11. b4 Nxe5 12. dxe5 Nd7 13. Bb2 Be7 14. Rc1 O-O 15. Qc2
Rc8 16. Ke2 Bxf3+ 17. gxf3 f6 18. exf6 Bxf6 19. Rcg1 Bxb2 20. Qxb2 e5 21. Qb3+
Kh8 22. Rg6 Rf6 23. Rhg1 Qf8 24. Be4 c5 25. Rxg7 c4 26. Rh7# {Black checkmated}
1-0

[Event "Team 45 45 League T35"]
[Site "Internet Chess Club"]
[Date "2007.11.03"]
[Round "3"]
[White "WzeroMN"]
[Black "BosqueVerde"]
[Result "0-1"]
[WhiteElo "1195"]
[BlackElo "1250"]
[Opening "Ruy Lopez: Berlin defense, open variation"]
[ECO "C67"]
[Time "11:58:59"]
[TimeControl "2700+45"]

1. e4 e5 2. Nf3 Nc6 3. Bb5 Nf6 4. O-O Nxe4 5. Bxc6 dxc6 6. Re1 Bf5 7. d3 Nd6 8.
Nxe5 Be7 9. Nf3 O-O 10. Bg5 Bxg5 11. Re5 Bf6 {White resigns} 0-1

[Event "Team 45 45 League T35"]
[Site "Internet Chess Club"]
[Date "2007.11.03"]
[Round "3"]
[White "Gomer"]
[Black "gwg"]
[Result "0-1"]
[WhiteElo "1158"]
[BlackElo "1029"]
[Opening "Giuoco Pianissimo: Italian four knights variation"]
[ECO "C24"]
[Time "15:01:36"]
[TimeControl "2700+45"]

1. e4 e5 2. Bc4 Nf6 3. d3 Nc6 4. Nc3 Bc5 5. Nf3 d6 6. O-O Bg4 7. h3 Bxf3 8. Qxf3
Nd4 9. Qg3 O-O 10. Bb3 Bb4 11. f4 Bxc3 12. bxc3 Ne2+ 13. Kh2 Nxg3 14. Kxg3 c6
15. f5 d5 16. Ba3 Re8 17. Rad1 Nh5+ 18. Kh2 Qg5 19. Kh1 {White resigns} 0-1

[Event "Team 45 45 League T35"]
[Site "Internet Chess Club"]
[Date "2007.11.05"]
[Round "3"]
[White "Fidelian"]
[Black "Mitch99"]
[Result "0-1"]
[WhiteElo "1334"]
[BlackElo "1423"]
[Opening "French: advance, Nimzovich system"]
[ECO "C02"]
[Time "13:58:56"]
[TimeControl "2700+45"]

1. e4 e6 2. d4 d5 3. e5 c5 4. Nf3 Nc6 5. Bb5 Bd7 6. Bxc6 Bxc6 7. O-O Qb6 8. Be3
Qxb2 9. Nbd2 Qb6 10. Rb1 Qa5 11. Rb2 Ne7 12. dxc5 Nf5 13. Nb3 Nxe3 14. fxe3 Qa3
15. Qd4 Ba4 16. Rfb1 Bxb3 17. Rxb3 Qa5 18. Rb5 Qa3 19. Rxb7 Bxc5 20. Qd3 Qxd3
21. cxd3 Bxe3+ 22. Kf1 O-O 23. Ke2 Bb6 24. d4 Rab8 25. Rxb8 Rxb8 26. a4 h6 27.
a5 Bc7 28. Rxb8+ Bxb8 29. Nd2 f6 30. exf6 gxf6 31. g3 Kf7 32. Nb3 Bd6 33. a6 Bc7
34. Kf3 Bb6 35. Kg4 e5 36. dxe5 fxe5 37. Kf5 e4 38. Ke5 e3 39. Nc1 d4 40. Ke4
Kf6 41. Ne2 Kg5 42. h3 h5 43. Kd3 Kf5 44. Nf4 Kg5 45. Ne6+ Kf5 46. Nf4 h4 47.
Ne2 hxg3 48. Nxg3+ Kf4 49. Ne4 {White resigns} 0-1

[Event "Team 45 45 League T35"]
[Site "Internet Chess Club"]
[Date "2007.11.02"]
[Round "3"]
[White "mkrump"]
[Black "b2solo"]
[Result "0-1"]
[WhiteElo "1336"]
[BlackElo "1168"]
[Opening "King's pawn opening"]
[ECO "B07"]
[Time "21:58:39"]
[TimeControl "2700+45"]

1. e4 d6 2. Nf3 Nf6 3. Nc3 g6 4. h3 Bg7 5. Bc4 c6 6. Bb3 b5 7. d3 O-O 8. Be3
Nbd7 9. Qd2 Nc5 10. Bh6 Nxb3 11. axb3 b4 12. Ne2 Nh5 13. Bxg7 Nxg7 14. Qh6 f6
15. h4 Bg4 16. h5 Bxh5 17. Ng3 Qd7 18. Nxh5 Nxh5 19. O-O-O e5 20. Rdg1 Qg7 21.
Qd2 a5 22. Rh2 Nf4 23. g3 Ne6 24. Rgh1 Rf7 25. Qh6 Qxh6+ 26. Rxh6 Ng5 27. Nh4
Rg7 28. f4 exf4 29. gxf4 Nf7 30. Nf5 Nxh6 31. Nxg7 Kxg7 32. Kd2 a4 33. bxa4 Rxa4
34. b3 Ra8 35. Ke3 Ng4+ 36. Kd4 h5 37. f5 gxf5 38. Rxh5 fxe4 39. Kxe4 Ne5 40.
Rh3 Ra2 41. Rg3+ Kf7 42. Rg2 Ke6 43. d4 f5+ 44. Kf4 Ng4 45. Re2+ Kd5 46. Rd2 Ke6
47. Re2+ Kf6 48. Rd2 Ra1 49. Kf3 Re1 50. Rd3 Re8 51. c4 bxc3 52. Rxc3 Rb8 53.
Rxc6 Rxb3+ 54. Kf4 Ke6 55. Ra6 Rb4 56. Ra5 Rxd4+ 57. Kg5 Ne3 58. Rb5 Rg4+ 59.
Kh5 d5 60. Rb8 Ke5 61. Re8+ Kf4 62. Re6 d4 63. Rd6 Nc2 64. Rd5 Rg5+ 65. Kh4 Rg8
66. Kh3 Ke4 67. Rd7 Rf8 68. Kg3 f4+ 69. Kf2 Kd3 70. Kf3 Kd2 71. Rh7 d3 72. Rh2+
Kc3 73. Rh3 Nd4+ 74. Kf2 Kc2 75. Kf1 d2 76. Rh2 f3 77. Rf2 Ne2 78. Rh2 d1=Q+ 79.
Kf2 Qd4+ 80. Ke1 Qg1# {White checkmated} 0-1

[Event "Team 45 45 League T35"]
[Site "Internet Chess Club"]
[Date "2007.11.06"]
[Round "3"]
[White "LittleBunny"]
[Black "bjc"]
[Result "1-0"]
[WhiteElo "1241"]
[BlackElo "1303"]
[Opening "Sicilian defense"]
[ECO "B30"]
[Time "19:32:31"]
[TimeControl "2700+45"]

1. e4 c5 2. Nf3 Nc6 3. Nc3 g6 4. g3 Bg7 5. Bg2 d6 6. O-O Nf6 7. d4 cxd4 8. Nxd4
O-O 9. Nd5 Nxd5 10. Nxc6 bxc6 11. exd5 c5 12. c3 Bd7 13. Re1 Re8 14. Qf3 Qb6 15.
b3 a5 16. Ba3 Qb8 17. Rab1 Qc8 18. c4 Bg4 19. Qe3 Qc7 20. Bb2 Bxb2 21. Rxb2 Rab8
22. Bf3 Bxf3 23. Qxf3 a4 24. Kg2 a3 25. Rbb1 Ra8 26. h4 h5 27. Rh1 Qc8 28. Rbe1
e6 29. dxe6 fxe6 30. Qf6 Kh7 31. f3 Rf8 32. Qe7+ Kh8 33. Rxe6 Qc6 34. Rf1 Rae8
35. Rxd6 Qxf3+ 36. Rxf3 Rxf3 37. Kxf3 Rxe7 38. Rxg6 Rf7+ 39. Kg2 Kh7 40. Rc6 Rf5
41. Ra6 Re5 42. Rxa3 Kg6 43. Ra6+ Kf5 44. a4 Kg4 45. Rg6+ Kf5 46. Rg8 Re3 47. a5
Rxb3 48. Rf8+ Kg4 49. Rf6 Rb2+ 50. Kh1 Ra2 51. a6 Ra4 52. Kg2 Ra2+ 53. Rf2 Rxa6
54. Rf4# {Black checkmated} 1-0

[Event "Team 45 45 League T35"]
[Site "Internet Chess Club"]
[Date "2007.11.02"]
[Round "3"]
[White "CSCARChaplain"]
[Black "gsloan"]
[Result "0-1"]
[WhiteElo "716"]
[BlackElo "1139"]
[Opening "French: advance, Nimzovich system"]
[ECO "C02"]
[Time "14:07:32"]
[TimeControl "2700+45"]

1. e4 e6 2. d4 d5 3. e5 c5 4. Nf3 Qb6 5. Be2 Nc6 6. Nc3 cxd4 7. Na4 Qa5+ 8. Bd2
Qc7 9. c3 Nxe5 10. cxd4 Nxf3+ 11. Bxf3 b6 12. O-O Bd7 13. Rc1 Qb8 14. Nc3 Nf6
15. Bg5 Qb7 16. Bxf6 gxf6 17. Re1 Bd6 18. Bxd5 Bc6 19. Be4 Kd7 20. Qa4 Bxa4 21.
Bxb7 Rab8 22. Nxa4 Rxb7 23. Red1 Rc8 24. Rxc8 Kxc8 25. Rc1+ Rc7 26. Rxc7+ Kxc7
27. h4 Kc6 28. Nc3 b5 29. a4 bxa4 30. Nxa4 Kd5 31. Nc3+ Kxd4 32. Nb5+ Kc5 33.
Nxd6 Kxd6 34. Kh2 Kc5 35. Kg3 a5 36. b3 Kb4 37. Kf4 Kxb3 38. g4 a4 39. g5 a3 40.
gxf6 a2 41. Kg5 a1=Q 42. h5 Qc1+ 43. f4 Qc5+ 44. Kh6 Qf5 45. Kg7 Qxh5 46. Kf8
Kc4 47. Ke7 Kd4 {White resigns} 0-1

[Event "Team 45 45 League T35"]
[Site "Internet Chess Club"]
[Date "2007.11.01"]
[Round "3"]
[White "knightc9mate"]
[Black "chessbuzz"]
[Result "1-0"]
[WhiteElo "1899"]
[BlackElo "1559"]
[Opening "Sicilian: Najdorf, Lipnitzky attack"]
[ECO "B86"]
[Time "20:07:44"]
[TimeControl "2700+45"]

1. e4 c5 2. Nf3 d6 3. d4 cxd4 4. Nxd4 Nf6 5. Nc3 a6 6. Bc4 e6 7. Bb3 Nbd7 8. O-O
b5 9. Bg5 Be7 10. Bxe6 Bb7 11. Bxd7+ Nxd7 12. Bxe7 Qxe7 13. Nf5 Qf6 14. Nxd6+
Kf8 15. Nxb7 Ne5 16. Qd6+ Qxd6 17. Nxd6 g6 18. h3 Rd8 19. Rad1 Ke7 20. Nb7 Rb8
21. Na5 Rhc8 22. Nd5+ Ke6 23. f4 Nc4 24. Nxc4 bxc4 25. b3 cxb3 26. cxb3 Rc2 27.
Rf2 Rbc8 28. Rfd2 Rxd2 29. Rxd2 Rc1+ 30. Kf2 f5 31. exf5+ gxf5 32. Ne3 Rc5 33.
Nc4 Rc6 34. Re2+ Kf6 35. Re5 h5 36. Kg3 Kg6 37. Kh4 Rf6 38. Kg3 Kf7 39. Ne3 Kg6
40. Rxf5 Rxf5 41. Nxf5 Kxf5 42. Kf3 h4 43. g4+ hxg3 44. Kxg3 Kg6 45. b4 Kf6 46.
Kg4 Kg6 47. a4 Kf6 48. b5 axb5 49. axb5 Ke7 50. Kg5 Kd7 51. f5 Kc7 52. f6 Kb6
53. f7 {Black resigns} 1-0

[Event "Team 45 45 League T35"]
[Site "Internet Chess Club"]
[Date "2007.11.05"]
[Round "3"]
[White "Platitude"]
[Black "Avedldesierto"]
[Result "1/2-1/2"]
[WhiteElo "1557"]
[BlackElo "1748"]
[Opening "Ruy Lopez: Berlin defense, open variation"]
[ECO "C67"]
[Time "18:07:47"]
[TimeControl "2700+45"]

1. e4 e5 2. Nf3 Nc6 3. Bb5 Nf6 4. O-O Nxe4 5. Re1 f5 6. d3 Nd6 7. Bxc6 dxc6 8.
Nxe5 Be7 9. Qh5+ Kf8 10. Ng6+ hxg6 11. Qxh8+ Kf7 12. Qh7 Be6 13. Be3 Ne8 14. Bh6
Bc5 15. Rxe6 Kxe6 16. Qxg6+ Qf6 17. Qxf6+ Kxf6 18. Bd2 {Game drawn by mutual
agreement} 1/2-1/2

[Event "Team 45 45 League T35"]
[Site "Internet Chess Club"]
[Date "2007.11.04"]
[Round "3"]
[White "scottrugby"]
[Black "ticopatzer"]
[Result "1/2-1/2"]
[WhiteElo "1498"]
[BlackElo "1509"]
[Opening "Petrov: Nimzovich attack"]
[ECO "C42"]
[Time "21:57:59"]
[TimeControl "2700+45"]

1. e4 e5 2. Nf3 Nf6 3. Nxe5 d6 4. Nf3 Nxe4 5. Nc3 Nxc3 6. dxc3 Be7 7. Be3 O-O 8.
Qd2 Be6 9. h3 Nc6 10. Ng5 Qd7 11. Nxe6 Qxe6 12. c4 Ne5 13. Qd5 c6 14. Qxe6 fxe6
15. O-O-O d5 16. cxd5 exd5 17. Re1 Bd6 18. Bd4 Nc4 19. Bxc4 dxc4 20. Re4 a5 21.
Be3 b5 22. Re6 Rad8 23. Rd1 Rf6 24. Rxf6 gxf6 25. Bb6 Bf4+ 26. Be3 Bxe3+ 27.
fxe3 Rxd1+ 28. Kxd1 Kf7 29. Kd2 Ke6 30. a3 c5 31. c3 b4 32. cxb4 cxb4 33. Kc2
bxa3 34. bxa3 Kd5 35. Kc3 {Game drawn by mutual agreement} 1/2-1/2

[Event "Team 45 45 League T35"]
[Site "Internet Chess Club"]
[Date "2007.11.04"]
[Round "3"]
[White "Sir-Anthony"]
[Black "Just-Jim"]
[Result "0-1"]
[WhiteElo "1272"]
[BlackElo "1373"]
[Opening "English opening"]
[ECO "A20"]
[Time "19:34:20"]
[TimeControl "2700+45"]

1. c4 e5 2. e3 Nc6 3. d4 Bb4+ 4. Nc3 Bxc3+ 5. bxc3 a6 6. dxe5 Nxe5 7. Nf3 Nxf3+
8. Qxf3 Nf6 9. Be2 d6 10. e4 h6 11. c5 O-O 12. cxd6 Qxd6 13. c4 Qd4 14. O-O Bg4
15. Qg3 Bxe2 16. Bxh6 Nxe4 17. Qxg7+ Qxg7 18. Bxg7 Kxg7 19. Rfe1 Bd3 20. Re3 Nc5
21. h4 Rad8 22. h5 Bxc4 23. Rg3+ Kh6 24. Rc3 b5 25. g4 Rd4 26. f3 Rfd8 27. Kh2
Rd1 28. Rxd1 Rxd1 29. Re3 Rd2+ 30. Kg3 Bxa2 31. Re5 Rd5 32. Re8 Rd6 33. Kh4 Rf6
34. g5+ Kg7 35. gxf6+ Kxf6 36. h6 Kg6 37. Rh8 Nd3 38. Kg4 b4 39. f4 Nxf4 40.
Kxf4 b3 41. Rb8 Kxh6 42. Rh8+ Kg7 43. Rh2 c5 44. Ke4 a5 45. Kd5 a4 46. Kxc5 a3
47. Kb4 b2 48. Rh1 b1=Q+ 49. Rxb1 Bxb1 50. Kxa3 f5 51. Kb3 f4 52. Kc3 Kg6 53.
Kd2 Kf5 54. Ke2 Kg4 55. Kf2 f3 56. Kf1 Kf4 57. Kf2 Bc2 58. Kf1 Ke3 59. Kg1 f2+
60. Kf1 Bd3+ {White resigns} 0-1

[Event "Team 45 45 League T35"]
[Site "Internet Chess Club"]
[Date "2007.11.02"]
[Round "3"]
[White "bmw2002"]
[Black "Fegary"]
[Result "0-1"]
[WhiteElo "1701"]
[BlackElo "1894"]
[Opening "English, 1...Nf6 (Anglo-Indian defense)"]
[ECO "A15"]
[Time "15:48:27"]
[TimeControl "2700+45"]

1. c4 Nf6 2. g3 e6 3. Bg2 d5 4. cxd5 exd5 5. Nf3 Bd6 6. Nc3 O-O 7. O-O c6 8. d4
Bf5 9. Nd2 Re8 10. Re1 Na6 11. e4 Nb4 12. exf5 Rxe1+ 13. Qxe1 Nc2 14. Qd1 Nxa1
15. Nf3 Qb6 16. Na4 Qb4 17. Bd2 Qc4 18. b3 Nxb3 19. axb3 Qd3 20. Nc5 Bxc5 21.
dxc5 Re8 22. Ne1 Qxf5 23. Bc3 Qe6 24. Nf3 Ne4 25. Bd4 Qe7 26. Qc2 Ng5 27. Qf5
Ne6 28. Qe5 Nxd4 29. Qxd4 Qe2 30. Ng5 Qc2 31. Qg4 Re1+ 32. Bf1 Re8 33. Qd7 Rf8
34. b4 Qd2 35. Qf5 g6 36. Qf4 Qxf4 37. gxf4 Re8 38. b5 Re1 39. bxc6 bxc6 40. Nf3
Rc1 41. Nd4 Rxc5 42. Ba6 Rc1+ 43. Kg2 c5 44. Nb3 Rc3 45. Nd2 c4 46. Kf1 Ra3 47.
Bb7 c3 48. Nc4 dxc4 49. Ke2 Ra2+ 50. Ke1 Ra1+ 51. Ke2 c2 {White resigns} 0-1

[Event "Team 45 45 League T35"]
[Site "Internet Chess Club"]
[Date "2007.11.03"]
[Round "3"]
[White "C-Jones"]
[Black "BrerRabbit"]
[Result "1-0"]
[WhiteElo "1586"]
[BlackElo "1596"]
[Opening "Sicilian: Taimanov variation"]
[ECO "B45"]
[Time "19:32:07"]
[TimeControl "2700+45"]

1. e4 c5 2. Nf3 e6 3. d4 cxd4 4. Nxd4 Nc6 5. Nc3 d6 6. Bb5 Bd7 7. O-O a6 8. Nxc6
Bxc6 9. Bxc6+ bxc6 10. Qg4 Nf6 11. Qg3 Nh5 12. Qg4 Nf6 13. Qg3 Nh5 14. Qf3 g6
15. g4 Nf6 16. Bg5 Be7 17. e5 Nd5 18. Bxe7 Qxe7 19. exd6 Qxd6 20. Rad1 O-O 21.
Ne4 Qe7 22. c4 Nb6 23. b3 Rad8 24. Nf6+ Kg7 25. g5 Rd6 26. Rxd6 Qxd6 27. Qc3 e5
28. c5 Qd4 29. Qxd4 exd4 30. cxb6 Rd8 31. Re1 h6 32. Re8 Rxe8 33. Nxe8+ Kh7 34.
b7 d3 35. b8=Q d2 36. Qd6 d1=Q+ 37. Qxd1 {Black resigns} 1-0

[Event "Team 45 45 League T35"]
[Site "Internet Chess Club"]
[Date "2007.11.03"]
[Round "3"]
[White "allanchs"]
[Black "chesskix"]
[Result "1-0"]
[WhiteElo "1557"]
[BlackElo "1507"]
[Opening "Sicilian defense"]
[ECO "B32"]
[Time "11:00:15"]
[TimeControl "2700+45"]

1. e4 c5 2. Nf3 Nc6 3. d4 cxd4 4. Nxd4 a6 5. c4 e5 6. Nf3 Nf6 7. Nc3 Bb4 8. Bd3
O-O 9. O-O h6 10. Ne2 Bc5 11. a3 d6 12. b4 Ba7 13. Bb2 Bg4 14. Nc3 Nd4 15. Be2
Nxe2+ 16. Qxe2 Qb6 17. Rad1 Rfe8 18. Bc1 Qc7 19. Qd3 Rad8 20. h3 Bxf3 21. gxf3
Qd7 22. Kh2 Re6 23. c5 Qe7 24. Ne2 Nh5 25. Rg1 Rg6 26. Rxg6 fxg6 27. f4 Rf8 28.
cxd6 Qh4 29. Qf3 Bxf2 30. d7 Bb6 31. Be3 Bd8 32. Bf2 Qf6 33. f5 Bc7 34. Qb3+ Kh7
35. Bc5 Rd8 36. Qe6 Nf4 37. Nxf4 exf4 38. Be7 f3+ 39. Kg1 Qb2 40. Qxg6+ Kg8 41.
Bxd8 Bxd8 42. f6 Bb6+ 43. Kh1 Bd8 44. Qxg7# {Black checkmated} 1-0